Map: Romanticide LE

Players

Moja - Winner!

  • Race: Terran Terran
  • Spawn Location: 11:00

Ziggy

  • Race: Terran Terran
  • League: Grandmaster
  • Spawn Location: 5:00

Event: DreamHack SC2 Masters 2020 Winter

VOD

Have the link to the VOD?

Description

Time

  • Played on: Oct. 16, 2020, 1:33 p.m.
  • Length: 22:42

All games in this series

Show
View Real Time Build Order
Export as new Build Order

Moja Terran - Winner!

Build Orders:  

Get SALT Encoding   

  12  0:00  SCV  
  13  0:12  SCV  
  14  0:17  Supply Depot  
  14  0:24  SCV  
  14  0:27  Refinery  
  15  0:38  SCV  
  16  0:44  Barracks  
  16  0:50  SCV  
  16  0:56  Refinery  
  17  1:02  SCV  
  18  1:14  SCV  
  19  1:30  Orbital Command  
  19  1:32  Factory  
  19  1:34  Reaper  
  20  1:42  Supply Depot  
  20  1:56  SCV  
  21  2:06  Reaper  
  22  2:08  SCV  
  23  2:16  Hellion  
  23  2:22  Command Center  
  25  2:25  SCV  
  27  2:37  SCV  
  27  2:38  Barracks Reactor, Hellion  
  27  2:44  Starport  
  29  2:49  SCV  
  30  2:51  Supply Depot  
  30  3:00  Factory Tech Lab  
  30  3:01  SCV  
  31  3:13  SCV  
  31  3:15  Marine x2  
  31  3:19  Siege Tank  
  38  3:27  Medivac  
  39  3:34  SCV, Orbital Command  
  39  3:36  Marine x2  
  42  3:46  SCV  
  43  3:48  Refinery  
  43  3:49  Supply Depot  
  43  3:53  Cyclone  
  46  3:58  SCV, Starport Tech Lab  
  46  4:02  SCV  
  48  4:05  Marine x2  
  50  4:10  SCV  
  51  4:18  SCV  
  51  4:20  Raven  
  54  4:28  Marine x2  
  48  4:40  SCV  
  48  4:42  SCV  
  48  4:45  Command Center  
  50  4:46  Marine x2  
  50  4:52  SCV, Siege Tank  
  54  4:55  SCV  
  55  5:04  SCV, Supply Depot, Refinery, Raven  
  58  5:07  SCV  
  59  5:17  SCV  
  59  5:19  Marine  
  59  5:20  SCV  
  62  5:25  Marine, Siege Tank  
  66  5:31  SCV  
  66  5:32  SCV  
  66  5:34  Supply Depot  
  66  5:43  SCV  
  67  5:56  SCV x2  
  68  5:57  Orbital Command  
  68  6:02  Viking x2  
  68  6:03  Siege Tank  
  75  6:07  Stimpack  
  75  6:08  SCV  
  76  6:11  SCV  
  76  6:17  Engineering Bay x2  
  77  6:24  Orbital Command  
  77  6:25  SCV x2  
  79  6:34  Barracks x2  
  79  6:37  SCV  
  79  6:39  SCV, Siege Tank  
  84  6:40  Viking  
  84  6:45  Viking  
  87  6:49  Terran Infantry Weapons Level 1  
  87  6:54  Terran Infantry Armor Level 1  
  87  6:57  SCV  
  88  7:01  Supply Depot  
  71  7:24  Marine  
  71  7:25  SCV  
  71  7:26  SCV  
  71  7:27  SCV  
  71  7:29  Barracks Reactor x2  
  73  7:31  Medivac x2, Siege Tank  
  73  7:35  Barracks x2  
  80  7:42  Marine  
  81  7:44  SCV x2  
  81  7:45  SCV  
  81  7:50  Refinery x2  
  83  7:56  Armory, SCV  
  83  7:57  SCV x2  
  86  8:00  Marine  
  86  8:04  Combat Shield  
  86  8:05  Siege Tank  
  90  8:07  Marine x4  
  90  8:08  SCV  
  90  8:09  SCV x2  
  97  8:20  Marine  
  97  8:21  SCV x2  
  97  8:22  SCV  
  97  8:26  Barracks Reactor  
  97  8:27  Barracks Reactor  
  101  8:31  Supply Depot x2  
  101  8:32  Supply Depot  
  101  8:33  Marine x3  
  104  8:35  Supply Depot  
  104  8:42  SCV  
  104  8:43  SCV x2, Marine  
  104  8:44  Terran Infantry Weapons Level 2  
  104  8:45  Terran Vehicle Weapons Level 1  
  108  8:49  Terran Infantry Armor Level 2  
  108  8:52  Siege Tank  
  111  8:57  SCV x2, Marine x2  
  115  9:04  Marine x6  
  115  9:07  Supply Depot  
  121  9:16  SCV  
  122  9:19  Marine, Factory  
  122  9:24  Marine x5  
  123  9:25  Medivac x2  
  123  9:28  Marine  
  123  9:29  Marine  
  134  9:36  Marine x2  
  136  9:39  Siege Tank  
  136  9:41  Marine  
  136  9:42  Marine x2  
  136  9:43  Supply Depot  
  142  9:45  Marine  
  142  9:46  Marine x3  
  145  9:56  Command Center  
  145  10:05  Factory Tech Lab  
  145  10:10  Marine x5  
  145  10:11  Marine x2  
  152  10:15  Supply Depot  
  152  10:16  Supply Depot  
  152  10:17  Supply Depot  
  152  10:19  Supply Depot  
  152  10:20  Marine x2  
  154  10:28  Marine x2  
  154  10:34  Marine x2  
  154  10:35  Marine x2  
  154  10:36  Marine  
  154  10:37  Siege Tank x2  
  154  10:38  Marine  
  154  10:40  Medivac x2  
  154  10:41  Command Center  
  168  10:42  Marine  
  168  10:43  Terran Vehicle Weapons Level 2  
  168  10:45  Marine  
  168  10:48  Marine  
  157  10:52  Marine x2  
  157  10:54  Marine x2  
  157  10:56  Marine  
  158  10:57  Marine  
  158  11:00  Marine  
  158  11:03  Marine  
  161  11:04  Terran Infantry Weapons Level 3  
  161  11:06  Marine  
  161  11:10  Marine x2  
  164  11:12  Marine x2  
  164  11:13  SCV x3, Marine  
  164  11:15  Marine  
  164  11:18  Marine  
  171  11:21  Marine  
  171  11:24  Marine  
  171  11:25  SCV  
  161  11:28  Marine x2  
  161  11:30  Marine x2  
  161  11:31  Marine  
  165  11:33  Medivac, Marine  
  165  11:34  Medivac, Siege Tank  
  165  11:35  Siege Tank  
  165  11:36  Marine  
  177  11:45  Marine x2  
  177  11:46  Marine x2  
  181  11:47  SCV x3, Marine  
  185  11:56  Marine x3  
  185  11:57  Sensor Tower  
  185  11:59  Sensor Tower  
  189  12:01  SCV x2  
  189  12:02  SCV  
  191  12:21  SCV x2  
  193  12:24  Fusion Core  
  193  12:25  Starport  
  193  12:26  Armory  
  193  12:27  Starport  
  191  12:42  Marine  
  191  12:43  Marine x3  
  195  12:49  Marine x2  
  194  12:58  Marine x2  
  194  12:59  Marine  
  194  13:02  Marine  
  198  13:12  Marine x2  
  178  13:14  Marine  
  178  13:15  Marine x2  
  178  13:19  Marine  
  181  13:25  Marine x3  
  184  13:27  Starport Reactor x2  
  184  13:28  Terran Vehicle Weapons Level 3  
  184  13:30  Marine x2  
  184  13:32  Marine  
  184  13:38  Marine x3  
  143  13:42  Marine  
  143  13:43  Marine x2  
  143  13:48  Marine x2  
  137  13:50  Marine, Siege Tank x2  
  137  13:51  Medivac x2  
  137  13:52  Hi-Sec Auto Tracking  
  137  13:53  Terran Infantry Armor Level 3  
  137  13:55  Barracks x3  
  148  13:56  Marine x3  
  148  14:00  Marine x2  
  148  14:01  Marine  
  148  14:04  Viking, Medivac x2  
  148  14:05  Viking, Marine  
  148  14:06  Marine  
  148  14:08  Marine  
  159  14:14  Marine x3  
  162  14:18  Marine x3  
  162  14:19  Refinery  
  162  14:23  Marine  
  166  14:28  Marine  
  166  14:41  Marine  
  167  14:49  Neosteel Armor  
  167  14:55  Command Center  
  167  14:58  Marine x3  
  167  14:59  Barracks Reactor x3, Marine  
  171  15:04  Marine  
  171  15:06  Marine x2  
  128  15:07  Medivac x3  
  180  15:15  Siege Tank x2  
  161  15:28  Marine x2  
  161  15:29  Marine  
  164  15:37  Marine x2  
  164  15:38  Marine x2  
  164  15:39  Marine x5  
  164  15:40  Medivac x2  
  177  15:47  Siege Tank  
  177  15:48  Marine, Siege Tank  
  184  15:58  Viking x2  
  168  16:17  Marine x11  
  176  16:19  Planetary Fortress  
  173  16:27  Marine  
  173  16:28  Marine x2  
  151  16:36  Marine x4  
  151  16:37  Marine x2  
  154  16:50  Command Center  
  154  17:01  Marine x6  
  155  17:02  Marine x2  
  155  17:03  Medivac, Siege Tank x2  
  170  17:18  Marine x2  
  170  17:22  Marine x2  
  173  17:23  Marine x3  
  176  17:32  Viking x2  
  176  17:36  Unknown  
  170  18:04  Marine x2  
  168  18:12  Marine x10  
  158  18:13  Marine  
  158  18:17  Marine x2  
  158  18:19  Siege Tank  
  160  18:22  Marine x2  
  160  18:23  Planetary Fortress  
  161  18:29  Marine  
  161  18:30  Marine x6  
  161  18:31  Marine x2  
  160  18:41  Marine x2  
  160  18:46  Marine x2  
  160  18:48  Marine x3  
  160  18:51  Marine x3  
  160  18:52  Marine x2  
  160  18:53  Marine x3  
  170  18:57  Sensor Tower  
  170  19:15  Marine  
  170  19:16  Siege Tank x2  
  170  19:17  Marine x3  
  174  19:26  Marine x2  
  174  19:27  Marine x3  
  174  19:29  Viking x3  
  174  19:30  Viking  
  174  19:31  Command Center  
  186  19:36  Medivac x2  
  172  19:49  Marine x2  
  172  19:55  SCV x2  
  172  19:56  SCV  
  172  19:57  SCV  
  172  19:58  Terran Vehicle And Ship Armor Level 1  
  172  19:59  Terran Ship Weapons Level 1, Viking  
  178  20:16  Liberator x2  
  178  20:17  Viking x2  
  188  20:26  Marine x2  
  138  20:35  Liberator  
  138  20:36  Liberator  
  138  20:39  Marine, Siege Tank  
  138  20:40  Marine x3, Siege Tank  
  154  20:46  Orbital Command  
  154  20:47  Viking x2  
  158  20:55  Marine  
  158  20:56  Marine x5  
  150  21:12  Marine x2, Siege Tank  
  150  21:13  Advanced Ballistics  
  155  21:21  Marine x2  
  155  21:24  Viking x3  
  163  21:39  Marine  
  164  21:40  Marine x5  
  164  21:41  Marine x2  
  171  21:47  Marine  
  171  21:48  Marine  
  171  21:54  Marine x2  
  165  21:57  Marine x2  
  168  22:02  Refinery  
  168  22:05  Command Center  
  168  22:09  Viking x2  
Show
View Real Time Build Order
Export as new Build Order

Ziggy Terran 

Build Orders:  

Get SALT Encoding   

  12  0:00  SCV  
  13  0:12  SCV  
  14  0:17  Supply Depot  
  14  0:24  SCV  
  15  0:38  SCV  
  15  0:39  Barracks  
  16  0:42  Refinery  
  16  0:50  SCV  
  16  0:52  Refinery  
  17  1:02  SCV  
  18  1:15  SCV  
  19  1:26  Reaper  
  19  1:27  Orbital Command  
  19  1:29  Supply Depot  
  20  1:40  Factory  
  20  1:53  SCV  
  21  1:58  Reaper  
  22  2:05  SCV  
  23  2:15  Command Center  
  23  2:19  SCV  
  24  2:25  Hellion  
  26  2:30  Reaper  
  26  2:33  SCV  
  28  2:38  Starport  
  28  2:45  SCV  
  28  2:47  Hellion  
  31  2:52  Supply Depot  
  31  3:02  Barracks Reactor  
  31  3:09  Factory Tech Lab  
  31  3:14  SCV  
  31  3:16  Refinery  
  31  3:17  Starport Tech Lab  
  32  3:26  SCV  
  33  3:28  Orbital Command  
  33  3:29  Cyclone  
  36  3:38  SCV  
  36  3:41  Marine x2  
  39  3:47  Raven  
  41  3:50  SCV  
  41  3:54  SCV  
  43  4:02  SCV  
  44  4:06  Siege Tank  
  44  4:07  SCV  
  48  4:11  Supply Depot  
  48  4:14  SCV  
  49  4:19  SCV  
  50  4:26  SCV  
  50  4:31  SCV  
  36  4:39  SCV, Marine x2  
  36  4:43  SCV  
  36  4:44  Siege Tank  
  36  4:45  Raven  
  45  4:51  SCV  
  46  4:55  SCV  
  46  5:01  Command Center  
  46  5:03  SCV  
  47  5:07  SCV  
  48  5:15  SCV  
  48  5:16  Siege Tank  
  48  5:19  SCV  
  53  5:26  Supply Depot  
  53  5:27  SCV  
  53  5:28  Refinery  
  54  5:31  SCV  
  55  5:35  Stimpack  
  55  5:39  SCV  
  55  5:42  Viking x2  
  60  5:43  SCV  
  61  5:51  SCV  
  61  5:54  Marine  
  61  5:55  SCV, Siege Tank  
  65  6:03  SCV  
  66  6:08  SCV  
  67  6:12  Viking x2  
  67  6:13  Orbital Command  
  67  6:15  SCV  
  72  6:20  SCV  
  73  6:26  Barracks  
  73  6:27  SCV, Barracks  
  73  6:29  Siege Tank  
  73  6:32  SCV  
  78  6:37  Supply Depot  
  79  6:40  SCV  
  79  6:42  Viking  
  79  6:44  Viking  
  83  6:52  SCV x2  
  85  6:55  Supply Depot  
  85  6:57  Supply Depot  
  85  6:58  Marine  
  85  7:01  Engineering Bay  
  86  7:06  Engineering Bay  
  81  7:16  Marine  
  73  7:23  SCV x2  
  73  7:24  Marine x2  
  73  7:27  Liberator  
  79  7:32  SCV  
  79  7:34  Marine  
  81  7:42  Marine x2  
  81  7:46  Siege Tank  
  81  7:49  Medivac  
  86  7:51  Terran Infantry Weapons Level 1, Marine, Terran Infantry Armor Level 1  
  86  7:54  SCV x2  
  89  8:02  Combat Shield  
  89  8:05  Barracks Reactor x2  
  89  8:09  SCV, Orbital Command, Marine  
  91  8:17  SCV, Sensor Tower  
  92  8:20  Siege Tank  
  92  8:25  Armory, Barracks x2  
  92  8:26  Missile Turret  
  95  8:27  Marine  
  95  8:29  SCV  
  97  8:37  SCV x2  
  99  8:41  Marine x3  
  99  8:45  Marine  
  99  8:48  SCV, Refinery  
  104  8:51  Medivac  
  104  8:52  Siege Tank  
  109  8:57  SCV, Supply Depot, Medivac  
  109  9:00  Supply Depot  
  109  9:01  Marine x2  
  114  9:03  Marine  
  114  9:06  Refinery, Marine x2  
  117  9:13  Barracks Reactor  
  117  9:14  Barracks Reactor  
  117  9:19  Marine x2  
  117  9:21  Medivac, Marine  
  117  9:23  Missile Turret x2  
  122  9:24  Marine  
  122  9:25  SCV x2  
  122  9:30  Marine  
  126  9:33  Missile Turret  
  126  9:35  Missile Turret  
  126  9:37  Marine x2  
  125  9:38  Marine  
  125  9:40  SCV x2  
  125  9:44  Marine  
  125  9:45  Siege Tank  
  132  9:47  Marine  
  133  9:57  Marine x2  
  133  9:58  Medivac x2, Marine x2  
  141  10:04  Terran Infantry Weapons Level 2  
  141  10:08  Terran Infantry Armor Level 2  
  141  10:40  Marine  
  141  10:42  Marine  
  141  10:44  Marine x2  
  141  10:45  Marine  
  141  10:46  Marine x2  
  141  10:47  Marine x2, Siege Tank  
  136  10:55  SCV  
  136  10:56  SCV x2  
  132  10:58  Marine  
  132  11:00  Marine  
  132  11:02  Marine x3  
  132  11:03  Marine x2  
  139  11:04  Marine  
  139  11:05  Marine  
  141  11:15  SCV, Command Center, Liberator x2  
  141  11:16  Marine  
  141  11:18  Marine  
  149  11:19  Siege Tank  
  149  11:20  Marine x3  
  149  11:21  Marine  
  149  11:24  Marine x2  
  138  11:26  Marine  
  135  11:34  Marine  
  135  11:36  Marine, Barracks x2  
  135  11:37  Factory  
  135  11:38  Marine x3, Sensor Tower  
  135  11:39  Marine  
  141  11:46  Marine x2  
  143  11:54  Marine x2  
  143  11:58  Viking x2  
  152  12:01  Siege Tank  
  152  12:08  Marine x3  
  152  12:14  Supply Depot x2  
  155  12:17  Marine x6  
  161  12:26  Marine  
  161  12:29  Marine x2  
  166  12:31  Barracks Reactor x2  
  166  12:33  Siege Tank  
  166  12:35  Marine  
  166  12:36  Factory Tech Lab  
  168  12:47  Marine x2  
  168  12:51  Terran Infantry Weapons Level 3, Terran Infantry Armor Level 3  
  164  12:53  Marine x4  
  168  13:04  Siege Tank  
  168  13:05  Siege Tank  
  174  13:09  Marine x3  
  174  13:11  Marine  
  174  13:12  Marine x4  
  173  13:16  Marine x2  
  173  13:17  Marine  
  170  13:28  Marine x5  
  170  13:29  Marine x2  
  170  13:33  Marine x2  
  179  13:36  Siege Tank  
  179  13:40  Marine x4  
  147  13:46  Marine x5  
  147  13:47  Marine x2  
  141  13:51  Marine x2  
  140  13:57  Marine  
  140  13:58  Marine x3  
  140  13:59  Planetary Fortress  
  144  14:04  Marine x2  
  144  14:05  SCV x2, Marine  
  144  14:06  Marine  
  144  14:07  Marine x2  
  152  14:16  Marine x2  
  154  14:21  Sensor Tower  
  154  14:23  Marine x3  
  157  14:27  Marine x2  
  157  14:29  Marine x2  
  157  14:31  Siege Tank  
  164  14:35  Marine  
  164  14:36  Marine  
  164  14:39  Marine x4  
  164  14:43  Marine x3  
  164  14:45  Marine x2  
  171  14:50  Marine x2  
  171  14:52  Siege Tank  
  171  14:53  SCV, Marine  
  173  15:02  Marine x4  
  173  15:05  Marine x2  
  173  15:06  Marine x3  
  180  15:10  Siege Tank  
  183  15:15  Viking  
  183  15:17  Marine  
  183  15:18  Marine  
  187  15:27  Marine x2  
  147  15:28  Marine x3  
  147  15:29  Marine  
  147  15:30  Marine x5  
  147  15:35  Marine  
  153  15:37  Marine  
  155  15:45  Marine x2, Siege Tank  
  155  15:46  Marine x4  
  155  15:47  Marine  
  155  15:48  Marine  
  166  15:52  Marine x3  
  166  15:53  Marine  
  166  15:54  Marine  
  171  16:03  Marine x2  
  171  16:04  Marine  
  173  16:06  Marine x4  
  173  16:11  Marine x4  
  170  16:14  Marine x2  
  169  16:20  Marine  
  169  16:21  Marine, Siege Tank  
  169  16:22  Marine  
  169  16:24  Marine x3  
  178  16:29  Marine x3  
  180  16:37  Marine x3  
  180  16:38  Marine  
  180  16:39  Marine x3  
  177  16:40  Siege Tank  
  177  16:42  Viking  
  179  16:50  Marine x3  
  179  16:52  Liberator  
  179  16:53  Marine, Siege Tank  
  179  16:54  Marine x2  
  183  16:57  Marine  
  183  17:00  Marine x3  
  187  17:12  Marine x2, Siege Tank  
  192  17:21  Marine x3  
  192  17:22  Marine x2  
  196  17:25  Marine x2, Siege Tank  
  196  17:29  Supply Depot  
  196  17:30  Marine  
  196  17:32  Liberator  
  196  17:33  Marine x2  
  196  17:39  Marine  
  196  17:40  Liberator  
  196  17:49  Marine x3  
  196  17:50  Marine  
  196  17:51  Marine, Siege Tank  
  200  17:57  Marine x4  
  180  17:58  Siege Tank  
  180  18:02  Marine x3  
  177  18:06  Marine  
  177  18:07  Marine x3  
  177  18:08  Marine  
  177  18:11  Marine  
  155  18:15  Marine x4  
  151  18:20  Marine x3  
  151  18:24  Marine  
  151  18:25  Marine x3  
  151  18:26  Marine  
  159  18:34  Marine x5  
  151  18:38  Marine x2  
  154  18:43  Marine x2  
  154  18:44  Marine x2  
  154  18:45  Marine  
  154  18:51  Marine x2  
  154  18:52  Marine x3  
  159  18:57  Siege Tank  
  162  19:03  Marine x2  
  157  19:11  Marine x2  
  157  19:12  Marine x2  
  157  19:13  Marine x3  
  149  19:17  Marine x3  
  149  19:18  Marine  
  149  19:23  Marine x2  
  153  19:29  Marine x3  
  153  19:30  Marine  
  143  19:36  SCV x3  
  125  19:46  Marine x4  
  125  19:48  SCV x2  
  125  19:49  SCV  
  125  19:52  Marine  
  128  19:57  Marine x3  
  131  20:00  SCV  
  132  20:12  SCV x2  
  132  20:13  Viking  
  136  20:17  Viking  
  138  20:24  Marine x3  
  138  20:26  Marine x2  
  138  20:28  SCV  
  124  20:30  Marine x2  
  124  20:34  Marine x2  
  110  20:37  Orbital Command  
  110  20:41  Marine x2  
  112  20:46  Marine x4  
  116  20:52  Siege Tank  
  116  20:57  Marine x4  
  120  21:07  Viking  
  120  21:09  Marine x2  
  124  21:14  Sensor Tower  
  124  21:15  Marine x2  
  126  21:19  Marine  
  127  21:26  Siege Tank  
  127  21:32  Viking  
  132  21:37  Viking  
  132  21:39  Marine x2  
  136  21:42  Marine x3  
  136  21:44  Marine x5  
  144  21:52  Marine x3  
  138  21:59  Marine x2  
  138  22:00  Marine x2  
  142  22:02  Marine x3, Starport x2  
  142  22:06  Marine x2  
  142  22:07  Marine  
  148  22:11  Marine x2  
  144  22:17  Marine x3  
  144  22:18  Marine  
  144  22:19  Marine  
  144  22:20  Marine x3  
  143  22:24  Marine x3  
Tags
 
Add a new tag
Caveats
  • Supply blocks, unpowered buildings, or Contaminate may cause inaccurate times.
  • Supply counts are checked every 10 seconds.